 Dungeon Crawl Stone Soup version 0.17-a0-2171-ga91b4ec (webtiles) character file.

193 HaroldButt the Insei (level 5, -6/44 HPs)
             Began as a Naga Transmuter on Oct 25, 2015.
             Mangled by a gnoll
             ... wielding a +0 spear
              (9 damage)
             ... on level 4 of the Dungeon.
             The game lasted 00:12:34 (2633 turns).

HaroldButt the Insei (Naga Transmuter)              Turns: 2633, Time: 00:12:34

Health: -6/44      AC:  5    Str: 12    XL:     5   Next: 72%
Magic:  8/8        EV: 10    Int: 14    God:
Gold:   205        SH:  0    Dex: 12    Spells: 3 memorised, 0 levels left

rFire  . . .     SeeInvis +       - Unarmed
rCold  . . .     Clarity  .     b - +0 robe
rNeg   . . .     SustAt   .     (no shield)
rPois  +         Gourm    .     (no helmet)
rElec  .         Spirit   .     (no cloak)
rCorr  .         Warding  .     p - +2 pair of gloves
rMut   .         Stasis   .     (no barding)
MR     .....                    (no amulet)
Stlth  +.........               (no ring)
                                i - ring of poison resistance

@: appendage, very slow, not resistant to hostile enchantments, very unstealthy
A: horns 2, see invisible, deformed body, poison resistance, slowness 2, slow
metabolism 1, spit poison 2, AC +1
a: Spit Poison, End Transformation


You were on level 4 of the Dungeon.
You were not hungry.
You had grown temporary horns.
You visited 1 branch of the dungeon, and saw 4 of its levels.

You collected 205 gold pieces.

Inventory:

Missiles
 a - 10 arrows
 g - 10 tomahawks (quivered)
 o - 66 stones
Armour
 b - a +0 robe (worn)
 p - a +2 pair of gloves (worn)
Jewellery
 i - a ring of poison resistance (left hand)
Scrolls
 l - 3 scrolls of identify
 n - a scroll of teleportation
Potions
 e - 2 potions of curing
 j - a potion of cancellation
 k - a potion of agility
 m - a potion of heal wounds {unknown}
 r - 3 potions of poison {unknown}
Books
 c - a book of Changes

   Spells                             Type                      Level
   a - Beastly Appendage              Transmutation                1
   b - Sticks to Snakes               Transmutation                2
   c - Spider Form                    Transmutation/Poison         3
   d - Ice Form                       Ice/Transmutation            4
   e - Blade Hands                    Transmutation                5
Comestibles
 d - 4 bread rations
 f - 9 fruits
 h - a chunk of flesh
 q - a royal jelly


   Skills:
 - Level 1.0 Fighting
 - Level 1.5 Dodging
 + Level 4.8 Unarmed Combat
 - Level 2.0 Spellcasting
 + Level 4.2 Transmutations


You couldn't memorise any spells.
You knew the following spells:

 Your Spells              Type           Power        Failure   Level  Hunger
a - Beastly Appendage     Trmt           ##....       4%          1    ##.....
b - Sticks to Snakes      Trmt           ##........   10%         2    ###....
c - Blade Hands           Trmt           ##........   95%         5    ######.


Dungeon Overview and Level Annotations

Branches:
Dungeon (4/15)
 Temple: D:4-7

Altars:
Elyvilon


Innate Abilities, Weirdness & Mutations

You cannot wear boots.
Your serpentine skin is tough (AC +1).
You have supernaturally acute eyesight.
Armour fits poorly on your strangely shaped body.
Your system is resistant to poisons.
You cover ground very slowly.
You have a slow metabolism.
You can spit poison.
You have a pair of horns on your head.


Message History

The gnoll hits you from afar with a spear!
* * * LOW HITPOINT WARNING * * *
You hit the gnoll. Your headbutt misses the gnoll.
The gnoll is moderately wounded.
The gnoll hits you but does no damage. x2
You barely miss the gnoll. You headbutt the gnoll.
The gnoll is heavily wounded.
The gnoll hits you but does no damage.
The gnoll hits you from afar with a spear.
* * * LOW HITPOINT WARNING * * *
You hit the gnoll. You headbutt the gnoll.
The gnoll is severely wounded.
The gnoll barely misses you.
The gnoll hits you from afar with a spear.
* * * LOW HITPOINT WARNING * * *
You hit the gnoll.
You kill the gnoll!
You have got your breath back.
The gnoll hits you from afar with a spear!
You die...

.....o #....#..#
#..o.#..#
.####....#..
.........#..
#.....#.# ###.
###...<.#.# .....
........g#.#......
#####....)@....#
###+####...# ..#
##


You could see a gnoll.

Vanquished Creatures
  An ogre (D:3)
  2 gnolls (D:4)
  4 adders
  A worm (D:1)
  An orc (D:4)
  8 goblins
  2 hobgoblins
  3 quokkas (D:3)
  8 bats
  2 giant cockroaches (D:2)
  7 giant newts
  4 kobolds
  13 rats
56 creatures vanquished.

Notes
Turn   | Place    | Note
--------------------------------------------------------------
     0 | D:1      | HaroldButt the Naga Transmuter began the quest for the Orb.
     0 | D:1      | Reached XP level 1. HP: 18/18 MP: 3/3
   383 | D:1      | Reached XP level 2. HP: 19/25 MP: 5/5
   928 | D:2      | Reached XP level 3. HP: 24/31 MP: 6/6
   991 | D:2      | Learned a level 2 spell: Sticks to Snakes
  1024 | D:2      | Found a white marble altar of Elyvilon.
  1574 | D:2      | Reached XP level 4. HP: 23/38 MP: 7/7
  1979 | D:3      | Reached skill level 4 in Unarmed Combat
  2039 | D:3      | Noticed an ogre
  2057 | D:3      | Killed an ogre
  2057 | D:3      | Reached XP level 5. HP: 13/44 MP: 3/8
  2343 | D:3      | Learned a level 5 spell: Blade Hands
  2633 | D:4      | Mangled by a gnoll

Vault maps used:
D:1:      scummos_arrival_forest
D:2:      elyvilon_altar_5
D:4:      kennysheep_mini, enter_ossuary_3,
          nicolae_dithmenos_through_a_glass_darkly

Action                   |  1- 3 |  4- 6 || total
-------------------------+-------+-------++-------
Melee: Unarmed           |   128 |    79 ||   207
Throw: Tomahawk          |     6 |     4 ||    10
 Cast: Beastly Appendage |     4 |     5 ||     9
       Sticks to Snakes  |       |     2 ||     2
 Abil: Spit Poison       |     9 |     7 ||    16
  Use: Scroll            |       |     7 ||     7
 Stab: Sleeping          |     1 |       ||     1
  Eat: Chunk             |     1 |     4 ||     5
